 Dungeon Crawl Stone Soup version 0.28-a0-1152-g9c71ebef14 (webtiles) character file.

Game seed: 9802796194086021729

85642 septik the Slayer (level 15, -1/158 HPs)
             Began as a Minotaur Berserker on Dec 14, 2021.
             Was a High Priest of Trog.
             Slain by an alligator (19 damage)
             ... on level 2 of the Swamp.
             The game lasted 01:07:38 (30074 turns).

septik the Slayer (Minotaur Berserker)             Turns: 30074, Time: 01:07:39

Health: -1/158     AC: 16    Str: 31    XL:     15   Next: 38%
Magic:  14/14      EV: 11    Int:  5    God:    Trog [*****.]
Gold:   1052       SH: 10    Dex: 13    Spells: 14/14 levels left

rFire   + . .      SeeInvis .   a - +2 war axe (spect)
rCold   + . .      Faith    .   g - +0 buckler
rNeg    . . .      Spirit   .   p - +3 scale mail {rF+}
rPois   +          Reflect  +   (helmet restricted)
rElec   +          Harm     .   C - +2 cloak "Daelutt" {rCorr Int-3 Stlth+}
rCorr   +          Rampage  .   (no gloves)
Will    +....                   (no boots)
Stlth   ++++......              v - amulet of reflection
HPRegen 0.36/turn               Z - ring "Geene" {Drain rPois Str+6 Stlth+}
MPRegen 0.14/turn               Y - ring "Rapiap" {rElec rC+ rCorr Dex+3 Stlth+}

@: on berserk cooldown, slowed, studying Maces & Flails, very slow
A: horns 2, retaliatory headbutt
a: Renounce Religion, Berserk, Trog's Hand, Brothers in Arms


You were on level 2 of the Swamp.
You worshipped Trog.
Trog was extremely pleased with you.
You visited 4 branches of the dungeon, and saw 24 of its levels.
You also visited: Ossuary and Gauntlet.

You collected 1689 gold pieces.
You spent 637 gold pieces at shops.

Inventory:

Hand Weapons
 a - a +2 spectral war axe (weapon)
 K - a +3 war axe of venom
 X - the +10 morningstar of Fadoath {protect, rN++ Will+}
   (You found it in a Gauntlet)

   It grants its wielder temporary protection when it strikes (+7 to AC).
   rN:        It greatly protects you from negative energy.
   Will:      It increases your willpower.
Missiles
 k - 12 boomerangs
 n - 55 poisoned darts (quivered)
 q - 4 throwing nets
Armour
 g - a +0 buckler (worn)
 p - a +3 scale mail of fire resistance (worn)
 C - the +2 cloak "Daelutt" (worn) {rCorr Int-3 Stlth+}
   (You found it on level 5 of the Dungeon)

   Int:       It affects your intelligence (-3).
   rCorr:     It protects you from acid and corrosion.
   Stlth:     It makes you more stealthy.
 O - a +0 troll leather armour
 W - a +0 plate armour
Jewellery
 b - a ring of protection from fire
 v - an amulet of reflection (around neck)
 E - a ring of see invisible
 U - a ring of protection from fire
 Y - the ring "Rapiap" (right hand) {rElec rC+ rCorr Dex+3 Stlth+}
   (You found it in a Gauntlet)

   [ring of resist corrosion]

   Dex:       It affects your dexterity (+3).
   rC:        It protects you from cold.
   rElec:     It insulates you from electricity.
   rCorr:     It protects you from acid and corrosion.
   Stlth:     It makes you more stealthy.
 Z - the ring "Geene" (left hand) {Drain rPois Str+6 Stlth+}
   (You took it off a minotaur in a Gauntlet)

   [ring of strength]

   Str:       It affects your strength (+6).
   rPois:     It protects you from poison.
   Drain:     It drains your maximum health when unequipped.
   Stlth:     It makes you more stealthy.
Wands
 o - a wand of polymorph (35)
 s - a wand of charming (5)
 A - a wand of acid (6)
 F - a wand of flame (14)
 J - a wand of paralysis (19)
 N - a wand of iceblast (26)
Scrolls
 c - 2 scrolls of enchant armour
 d - 5 scrolls of fear
 i - 5 scrolls of magic mapping
 l - 2 scrolls of identify
 r - 6 scrolls of teleportation
 u - 2 scrolls of vulnerability
 D - 3 scrolls of immolation
 H - 3 scrolls of torment
 M - 4 scrolls of silence
 P - 6 scrolls of blinking
 Q - a scroll of holy word {unknown}
 R - 2 scrolls of fog
 T - 3 scrolls of noise {unknown}
Potions
 e - 2 potions of haste
 f - a potion of resistance {unknown}
 h - 12 potions of curing
 j - 2 potions of invisibility
 t - 3 potions of might
 w - a potion of heal wounds
 x - 3 potions of flight
 z - 9 potions of lignification
 B - 5 potions of mutation
 G - a potion of magic {unknown}
 I - 2 potions of attraction {unknown}
 L - a potion of cancellation {unknown}
 V - 3 potions of ambrosia
Miscellaneous
 m - a phantom mirror
 y - a phial of floods


   Skills:
 + Level 21.5 Fighting
 - Level 17.4(18.7) Axes
 - Level 11.7(16.0) Maces & Flails
 - Level 15.3 Armour
 - Level 2.1 Dodging
 - Level 3.2 Stealth
 - Level 4.0 Shields


You had 14 spell levels left.
You didn't know any spells.
Your spell library was empty.

Dungeon Overview and Level Annotations

Branches:
Dungeon (15/15)            Temple (1/1) D:4            Lair (6/6) D:8
  Swamp (2/4) Lair:3        Snake (0/4) Lair:3        Slime (0/5) Lair:6
    Orc (0/2) D:11         Vaults (0/5) D:13         Depths (0/4) D:15
Ossuary (visited)         Gauntlet (visited)

Altars:
Ashenzari
Cheibriados
Dithmenos
Elyvilon
Fedhas
Gozag
Hepliaklqana
Kikubaaqudgha
Makhleb
Nemelex Xobeh
Okawaru
Qazlal
Ru
Sif Muna
Trog
Uskayaw
Vehumet
Wu Jian
Xom
Yredelemnul
Zin
The Shining One

Shops:
D:6 *   D:8 !   D:15 *

Annotations:
Lair:6 exclusion: oklob plant


Innate Abilities, Weirdness & Mutations

You have a pair of horns on your head.
You reflexively headbutt those who attack you in melee.


Message History

The orange demon disappears in a puff of smoke!
The large abomination disappears in a puff of smoke!
The efreet disappears in a puff of smoke!
The tentacled starspawn disappears in a puff of smoke!
Unknown command.
The goliath frog hits you from afar!
You are splashed with acid.
You resist.
You feel a strong urge to attack something.
You are no longer berserk.
You are exhausted.
You feel yourself slow down. You block the goliath frog's attack.
The goliath frog hits you from afar.
You are splashed with acid.
You resist. You block the goliath frog's attack.
You are no longer corroded.
The goliath frog hits you from afar.
You are splashed with acid.
You resist.
* * * LOW HITPOINT WARNING * * *
You block the goliath frog's attack.
You enter the shallow water.
Moving in this stuff is going to be slow.
The goliath frog hits you from afar!
* * * LOW HITPOINT WARNING * * *
You are splashed with acid.
You resist.
* * * LOW HITPOINT WARNING * * *
The goliath frog hits you but does no damage.
The goliath frog hits you but does no damage.
Things that are here:
a +0 spear; a spriggan skeleton The goliath frog hits you from afar!
* * * LOW HITPOINT WARNING * * *
You are splashed with acid.
You resist.
* * * LOW HITPOINT WARNING * * *
You block the goliath frog's attack.
There is a stone staircase leading down, spattered with blood here.
Unknown command.
Unknown command.
Unknown command.
Unknown command.
The goliath frog closely misses you.
You climb downwards.
The alligator bites you!!
You die...

≈≈≈≈§≈≈§≈.:..≈♣
≈≈≈≈≈≈≈≈≈.≈≈.≈♣
.≈≈≈.≈.≈≈..≈.≈♣
≈........≈≈.≈.♣
≈≈...≈≈.....≈.♣
≈≈...≈≈.≈≈.≈≈.♣
♣.≈≈≈t>..≈.♣
♣≈≈@.♣
.....♣..§♣
..≈§≈≈≈..♣
♣.≈≈≈≈≈..♣
♣≈≈≈≈≈≈..♣
♣..≈≈≈≈≈.♣
♣..≈≈≈≈♣♣♣
♣♣...≈. ♣♣≈≈≈≈


You could see an alligator.

Vanquished Creatures
  Mlioglotl (Swamp:1)
  A minotaur (Gauntlet)
  Josephine (D:10)
  2 great orbs of eyes
  A rakshasa (D:15)
  4 vault guards (D:13)
  15 hydras
  An ogre mage (D:15)
  2 ghost crabs (Swamp:1)
  3 centaur warriors
  Erica (D:8)
  9 two-headed ogres
  A death knight (D:14)
  2 tengu warriors (D:14)
  A deep elf knight (D:13)
  A goliath frog (Swamp:1)
  6 skeletal warriors
  A fire crab (Gauntlet)
  A spriggan druid (Swamp:1)
  A glowing orange brain (D:15)
  A lindwurm (Lair:6)
  A deep elf archer (D:13)
  A deep elf pyromancer (D:14)
  A wizard (D:13)
  2 orc knights
  6 ugly things
  2 manticores (D:12)
  3 cyclopes
  5 black mambas
  12 elephants
  A torpor snail (Lair:3)
  A gargoyle (D:13)
  14 cane toads
  An unseen horror (D:12)
  Maggie (D:6)
  3 efreet
  A rime drake (Lair:5)
  A freezing wraith (D:14)
  9 komodo dragons
  4 tengu conjurers
  4 trolls
  A meliai (shapeshifter) (D:15)
  A tyrant leech (Swamp:1)
  3 meliai (D:14)
  6 hornets
  6 polar bears
  Grinder (D:6)
  3 slime creatures (D:15)
  15 blink frogs
  7 dream sheep (Lair:6)
  18 spriggans
  2 shadows (D:11)
  3 fire bats (Gauntlet)
  9 wraiths
  3 wyverns
  28 yaks
  A steam dragon (Lair:3)
  2 basilisks
  12 vampire mosquitoes
  Menkaure (D:7)
  Edmund (D:6)
  2 swamp worms (Swamp:1)
  24 water moccasins
  3 orc warriors
  3 sky beasts
  5 black bears
  A necrophage (D:8)
  2 ogres (D:15)
  3 boggarts (Lair:6)
  7 centaurs
  17 wolves (Lair:6)
  The ghost of funkygono the Firebug, an amateur GrFE (D:3)
  A gnoll sergeant (D:8)
  15 bullfrogs
  A scorpion (D:5)
  A water moccasin skeleton (D:5)
  3 howler monkeys
  9 wights
  A spectral centaur (D:9)
  An electric eel (D:11)
  4 centaur zombies
  9 crimson imps (D:14)
  6 orc priests
  2 jellies (D:7)
  Crazy Yiuf (D:2)
  2 centaur skeletons
  A scorpion zombie (D:5)
  A gnoll shaman (D:6)
  2 orc wizards
  A killer bee zombie (D:9)
  12 mummies (Ossuary)
  2 howler monkey zombies
  14 gnolls
  A howler monkey skeleton (D:9)
  4 adders
  A shadow imp (Gauntlet)
  An ufetubus (D:6)
  A dart slug (D:3)
  33 orcs
  11 ball pythons
  6 endoplasms
  7 giant cockroaches
  7 goblins
  5 hobgoblins
  7 jackals (D:1)
  4 kobolds
  5 quokkas
  A bat (D:1)
  5 frilled lizards
  2 gnoll skeletons (Ossuary)
  3 goblin skeletons (Ossuary)
  2 kobold skeletons (Ossuary)
  An orc skeleton (Ossuary)
  3 rats
  11 rat skeletons (Ossuary)
  A starspawn tentacle (Swamp:1)
531 creatures vanquished.

Vanquished Creatures (others)
  2 bloated husks (Swamp:1)
  27 fungi
  21 plants
  2 starspawn tentacles (Swamp:1)
52 creatures vanquished.

Grand Total: 583 creatures vanquished

Notes
Turn   | Place    | Note
-------+----------+-------------------------------------------
     0 | D:1      | septik the Minotaur Berserker began the quest for the Orb.
     0 | D:1      | Reached XP level 1. HP: 19/19 MP: 0/0
   176 | D:1      | Reached XP level 2. HP: 26/26 MP: 1/1
   647 | D:1      | Reached skill level 5 in Axes
   675 | D:1      | Reached ** piety under Trog
   677 | D:1      | Reached XP level 3. HP: 28/31 MP: 2/2
  1076 | D:1      | Found a faded altar of an unknown god.
  1403 | D:2      | Found a shadowy altar of Dithmenos.
  1527 | D:2      | Found a runed translucent door.
  1528 | D:2      | Noticed Crazy Yiuf
  1923 | D:2      | Killed Crazy Yiuf
  1924 | D:2      | Reached XP level 4. HP: 39/39 MP: 3/3
  2293 | D:3      | Noticed a bullfrog
  2294 | D:3      | Found a runed translucent door.
  2297 | D:3      | Noticed funkygono's ghost (amateur GrFE)
  2515 | D:3      | Noticed a black bear
  2523 | D:3      | Killed a black bear
  2524 | D:3      | Reached XP level 5. HP: 45/45 MP: 4/4
  2585 | D:3      | Found a shadowy altar of Dithmenos.
  2918 | D:4      | Found a staircase to the Ecumenical Temple.
  2976 | Temple   | Entered the Ecumenical Temple
  3960 | D:4      | Reached XP level 6. HP: 51/51 MP: 5/5
  4175 | D:3      | Killed funkygono's ghost
  4351 | D:5      | Entered Level 5 of the Dungeon
  4362 | D:5      | Reached XP level 7. HP: 57/57 MP: 6/6
  4421 | D:5      | Found a sand-covered staircase.
  4432 | D:5      | Reached skill level 10 in Axes
  4438 | Ossuary  | Entered an ossuary
  4480 | Ossuary  | Reached *** piety under Trog
  5218 | D:5      | Identified the +2 cloak "Daelutt" {rCorr Int-3 Stlth+}
  5240 | D:5      | Found a basalt altar of Yredelemnul.
  5379 | D:5      | Reached **** piety under Trog
  5629 | D:6      | Reached XP level 8. HP: 64/64 MP: 7/7
  6108 | D:6      | Found Gihozi's Assorted Antiques.
  6115 | D:6      | Noticed Edmund
  6145 | D:6      | Killed Edmund
  6211 | D:6      | Noticed Maggie
  6228 | D:6      | Killed Maggie
  6516 | D:6      | Noticed Grinder
  6523 | D:6      | Killed Grinder
  6524 | D:6      | Reached XP level 9. HP: 70/70 MP: 8/8
  6959 | D:6      | Bought a fizzy silvery potion for 27 gold pieces
  6959 | D:6      | Bought an opal ring for 150 gold pieces
  6959 | D:6      | Bought a scroll labelled LELOOQ RA TANN for 30 gold pieces
  7020 | D:7      | Found a hazy altar of Hepliaklqana.
  7022 | D:7      | Noticed Menkaure
  7028 | D:7      | Killed Menkaure
  7135 | D:7      | Found an ornate altar of the Wu Jian Council.
  7274 | D:7      | Reached skill level 15 in Axes
  7621 | D:7      | Found a white marble altar of Elyvilon.
  7621 | D:7      | Found a glowing golden altar of the Shining One.
  7621 | D:7      | Found a glowing silver altar of Zin.
  7828 | D:8      | Found Wiadgh's Distillery.
  7986 | D:8      | Bought a potion of degeneration for 15 gold pieces
  7991 | D:8      | Noticed Erica
  8005 | D:8      | Killed Erica
  8095 | D:8      | Found a stormy altar of Qazlal.
  8224 | D:8      | Found an iron altar of Okawaru.
  8232 | D:8      | Found a staircase to the Lair.
  8252 | D:8      | Noticed a two-headed ogre
  8262 | D:8      | Killed a two-headed ogre
  8263 | D:8      | Reached XP level 10. HP: 44/77 MP: 9/9
  8665 | D:8      | Reached skill level 4 in Fighting
  8731 | D:8      | Found a blossoming altar of Fedhas.
  8731 | D:8      | Found a hide-covered altar of Uskayaw.
  8732 | D:8      | Found a sparkling altar of Nemelex Xobeh.
  9007 | Lair:1   | Entered Level 1 of the Lair of Beasts
  9039 | Lair:1   | Noticed a cane toad
  9319 | Lair:1   | Reached skill level 5 in Fighting
  9379 | Lair:1   | Noticed a cane toad
  9387 | Lair:1   | Killed a cane toad
  9388 | Lair:1   | Reached skill level 6 in Fighting
  9388 | Lair:1   | Reached skill level 5 in Armour
  9497 | Lair:1   | Killed a cane toad
  9527 | Lair:1   | Noticed a cane toad
  9535 | Lair:1   | Killed a cane toad
  9783 | Lair:1   | Reached skill level 7 in Fighting
 10065 | Lair:1   | Noticed a seven-headed hydra
 10072 | Lair:1   | Killed a two-headed hydra
 10089 | Lair:1   | Reached skill level 8 in Fighting
 10106 | Lair:1   | Reached XP level 11. HP: 47/94 MP: 10/10
 10958 | D:9      | Found a burning altar of Makhleb.
 11064 | D:9      | Identified the +7 rapier "Saodaput" {vorpal, rCorr}
 11195 | D:9      | Noticed a two-headed ogre
 11204 | D:9      | Killed a two-headed ogre
 11907 | D:9      | Reached skill level 9 in Fighting
 12174 | D:10     | Entered Level 10 of the Dungeon
 12553 | D:10     | Reached skill level 10 in Fighting
 12871 | D:10     | Noticed Josephine
 12881 | D:10     | Killed Josephine
 12882 | D:10     | Reached skill level 10 in Armour
 12882 | D:10     | Reached skill level 1 in Shields
 13501 | D:11     | Noticed a two-headed ogre
 13511 | D:11     | Killed a two-headed ogre
 13602 | D:11     | Noticed a two-headed ogre
 13613 | D:11     | Killed a two-headed ogre
 13779 | D:11     | Found a staircase to the Orcish Mines.
 13959 | D:11     | Reached skill level 11 in Fighting
 15105 | D:8      | Bought a potion of heal wounds for 75 gold pieces
 15251 | Lair:2   | Reached XP level 12. HP: 39/110 MP: 11/11
 15684 | Lair:2   | Noticed a five-headed hydra
 15692 | Lair:2   | Killed a five-headed hydra
 16049 | Lair:2   | Reached skill level 12 in Fighting
 16548 | Lair:3   | Noticed a six-headed hydra
 16555 | Lair:3   | Killed a six-headed hydra
 16590 | Lair:3   | Noticed a five-headed hydra
 16625 | Lair:3   | Killed a five-headed hydra
 16756 | D:8      | Bought a potion of haste for 150 gold pieces
 17005 | Lair:3   | Reached skill level 13 in Fighting
 17055 | Lair:3   | Noticed a six-headed hydra
 17064 | Lair:3   | Killed a six-headed hydra
 17316 | Lair:3   | Found a staircase to the Snake Pit.
 17390 | Lair:3   | Noticed a five-headed hydra
 17399 | Lair:3   | Killed a five-headed hydra
 17725 | Lair:3   | Noticed a five-headed hydra
 17731 | Lair:3   | Killed a five-headed hydra
 17824 | Lair:3   | Noticed a six-headed hydra
 17824 | Lair:3   | Noticed a four-headed hydra
 17831 | Lair:3   | Killed a six-headed hydra
 17837 | Lair:3   | Killed a four-headed hydra
 17838 | Lair:3   | Reached skill level 14 in Fighting
 17871 | Lair:3   | Reached XP level 13. HP: 23/124 MP: 12/12
 17873 | Lair:3   | HP: 6/124 [blink frog (6)]
 19145 | Lair:3   | Found a staircase to the Swamp.
 19234 | Lair:4   | Found a gate leading to a gauntlet.
 19252 | Gauntlet | Entered a Gauntlet
 19252 | Gauntlet | Found a transporter.
 19332 | Gauntlet | Found a transporter.
 19334 | Gauntlet | Found a transporter.
 19348 | Gauntlet | Found a transporter.
 19350 | Gauntlet | Found a transporter.
 19351 | Gauntlet | Found a runed translucent door.
 19353 | Gauntlet | Found a runed translucent door.
 19356 | Gauntlet | Found a transporter.
 19372 | Gauntlet | Found a transporter.
 19383 | Gauntlet | Found a transporter.
 19395 | Gauntlet | Found a transporter.
 19410 | Gauntlet | Found a transporter.
 19423 | Gauntlet | Found a transporter.
 19423 | Gauntlet | Found a transporter.
 19464 | Gauntlet | Found a transporter.
 19479 | Gauntlet | Found a transporter.
 19568 | Gauntlet | Reached skill level 15 in Fighting
 19571 | Gauntlet | Identified the +10 morningstar of Fadoath {protect, rN++
                  | Will+}
 19607 | Gauntlet | Identified the ring "Rapiap" {rElec rC+ rCorr Dex+3 Stlth+}
 19799 | Gauntlet | Identified the +4 halberd of the Eel {flame, rElec rC+
                  | MP+9}
 19799 | Gauntlet | Identified the ring "Geene" {Drain rPois Str+6 Stlth+}
 19799 | Gauntlet | Noticed a minotaur
 19807 | Gauntlet | Killed a minotaur
 19808 | Gauntlet | Reached skill level 15 in Armour
 20356 | Lair:4   | Reached skill level 1 in Maces & Flails
 20947 | Lair:5   | Reached skill level 1 in Stealth
 21160 | Lair:5   | Reached skill level 5 in Maces & Flails
 21659 | Lair:5   | Identified the +5 quarterstaff "Paraat" {holy, rC+ rCorr
                  | MP+9 Stlth-}
 22053 | Lair:6   | Entered Level 6 of the Lair of Beasts
 22156 | Lair:6   | Reached skill level 16 in Fighting
 22596 | Lair:6   | Reached XP level 14. HP: 89/137 MP: 13/13
 22789 | Lair:6   | Reached skill level 10 in Maces & Flails
 22886 | Lair:6   | Identified the +4 plate armour of Natas {*Slow rElec rN++
                  | Stlth+}
 23494 | Lair:6   | Found a staircase to the Slime Pits.
 24380 | D:12     | Reached skill level 17 in Fighting
 25776 | D:13     | Reached skill level 18 in Fighting
 25967 | D:13     | Reached ***** piety under Trog
 26179 | D:13     | Found a gate to the Vaults.
 26385 | D:13     | HP: 5/144 [deep elf archer/arrow (10)]
 26771 | D:14     | Reached skill level 19 in Fighting
 27352 | D:14     | Identified the +6 rapier "Onaunup" {speed, Str+6}
 27737 | D:14     | Found an ornate altar of the Wu Jian Council.
 27788 | D:15     | Entered Level 15 of the Dungeon
 27819 | D:15     | Reached skill level 20 in Fighting
 27819 | D:15     | Reached XP level 15. HP: 109/155 MP: 14/14
 28154 | D:15     | Found Xamity's Assorted Antiques.
 28550 | D:15     | Bought a potion of curing for 60 gold pieces
 28550 | D:15     | Bought a runed war axe for 130 gold pieces
 28834 | D:15     | Found a staircase to the Depths.
 28845 | D:15     | Reached skill level 21 in Fighting
 29452 | Swamp:1  | Entered Level 1 of the Swamp
 30045 | Swamp:1  | Noticed Mlioglotl
 30053 | Swamp:1  | Noticed a tentacled starspawn
 30061 | Swamp:1  | Killed Mlioglotl
 30074 | Swamp:2  | Slain by an alligator

Illustrated notes

Levels and vault maps discovered:
D:1:      minmay_arrival_floating_metal, layout_basic,
          shapermc_ecumenical_altar_mp_vishouse, minmay_worlds_worst_comb
D:2:      layout_basic, basic_altar, uniq_crazy_yiuf_cottage
D:3:      layout_basic, mainiacjoe_overflow_alcove_4, ebering_ghost_sewer_d,
          chequers_serial_rivers_room_b, hangedman_decor_push
D:4:      layout_basic, minmay_temple_entry_glass, serial_corexii_hall,
          chequers_hall_statues_corner_a, chequers_hall_statues_wall_a,
          corexii_hall_statues_x
D:5:      layout_rooms, yredelemnul_altar_generic, chequers_ossuary_entry_cave,
          grunt_ministairs_10, hangedman_decor_opposing, minmay_misc_feat_doors
D:6:      layout_loops_cross, serial_shops, nicolae_inconvenience_store,
          uniq_grinder, uniq_maggie, uniq_edmund
D:7:      layout_basic, good_gods_mini_temple, mainiacjoe_overflow_boulevard,
          nicolae_hepliaklqana_hazy_memory, uniq_menkaure
D:8:      layout_basic, okawaru_ov_weapons_minmay,
          nicolae_qazlal_style_of_elements, nicolae_overflow_hidden_temple,
          lair_entry_dummy, serial_shops, nicolae_stop_n_shop_1, uniq_erica
D:9:      layout_loops_cross, mainiacjoe_overflow_small_starburst,
          hangedman_weighted_door
D:10:     layout_basic, uniq_josephine
D:11:     layout_roguey, orc_0_dummy, nrook_pool_corridor,
          chequers_serial_rivers_large_a
D:12:     layout_roguey, minivault_24
D:13:     layout_irregular_city, grunt_vaults_entry_fortified
D:14:     layout_rooms, nicolae_wu_jian_immortal_techniques, minmay_nine_imps
D:15:     gammafunk_enter_depths_forms, layout_basic, serial_shops, shop
Temple:   nicolae_temple_figure_zero
Lair:1:   layout_long_grid
Lair:2:   layout_roguey
Lair:3:   nzn_winding_woodlands_stair_cross
          [nzn_winding_woodlands_5x15_sidewinder,
          nzn_winding_woodlands_center_lodge,
          nzn_winding_woodlands_5x15_lazy_stream,
          nzn_winding_woodlands_5x5_cross,
          nzn_winding_woodlands_5x5_checkerboard,
          nzn_winding_woodlands_5x15_eye,
          nzn_winding_woodlands_center_pierced_h,
          nzn_winding_woodlands_5x15_parted], layout_regular_city,
          palyth_hydra_swamp_entry
Lair:4:   layout_loops_ring, gauntlet_entry_generic
Lair:5:   layout_cave_pods, serial_bayou_shore_b, lemuel_fruit_tree,
          grunt_megastairs_1, serial_bayou_shore_b, infiniplex_staircase_pool_2
Lair:6:   minmay_lair_end_enchanted_forest, layout_small_grid,
          minmay_slime_entry_oklob_open
Swamp:1:  layout_basic_swamp, evilmike_swamp_ruin_house_4, swamp_pool3,
          hangedman_swamp_ravenous, uniq_mlioglotl
Swamp:2:  nicolae_swamp_long_stream, layout_basic_swamp,
          evilmike_swamp_ruin_rubble_1

Skill      XL: |  1  2  3  4  5  6  7  8  9 10 11 12 13 14 15 |
---------------+----------------------------------------------+-----
Axes           | 4 5 6 7 8 9 11 14 17 | 17.4
Fighting       | 8 11 14 16 20 21 | 21.5
Armour         | 7 11 14 15 | 15.3
Shields        | 4 |  4.0
Maces & Flails | 9 11 | 11.7
Stealth        | 3 |  3.2
Dodging        | |  2.1

Action                   |  1- 3 |  4- 6 |  7- 9 | 10-12 | 13-15 || total
-------------------------+-------+-------+-------+-------+-------++-------
Melee: Hand axe          |    81 |    82 |   258 |       |       ||   421
       Headbutt          |    15 |    12 |    66 |    87 |   168 ||   348
       War axe           |       |       |    68 |   281 |   426 ||   775
       Scimitar          |       |       |       |     7 |       ||     7
       Rapier            |       |       |       |   107 |     9 ||   116
       Morningstar       |       |       |       |       |   184 ||   184
Throw: Dart              |       |       |    10 |     5 |       ||    15
       Stone             |       |       |     3 |       |       ||     3
Invok: Berserk           |     1 |     5 |     8 |    21 |    13 ||    48
       Trog's Hand       |       |     1 |     4 |     1 |     1 ||     7
  Use: Scroll            |       |     3 |     9 |    10 |     6 ||    28
       Potion            |       |       |       |    10 |     5 ||    15
 Stab: Distracted        |     1 |       |       |     1 |     9 ||    11
       Confused          |       |       |       |     1 |       ||     1
       Sleeping          |       |       |       |       |    13 ||    13
Armor: Leather armour    |    14 |       |       |       |       ||    14
       Ring mail         |       |    10 |       |       |       ||    10
       Scale mail        |       |    25 |    82 |   210 |   249 ||   566
Dodge: Dodged            |    49 |    38 |   111 |   200 |   213 ||   611
Block: Buckler           |       |       |       |    39 |   230 ||   269
       Reflection        |       |       |       |       |    10 ||    10

Table legend: (Time is in decaauts)
 A = Elapsed time spent in this place.
 B = Non-inter-level travel time spent in this place.
 C = Inter-level travel time spent in this place.
 D = Time resting spent in this place.
 E = Time spent auto-exploring this place.
 F = Levels seen in this place.
 G = Mean time per level.
                   A        B        C        D        E       F      G
               +--------+--------+--------+--------+--------+-----+--------+
         Total |  30327 |  28259 |   2068 |   4834 |  19252 |  26 | 1166.4 |
       Dungeon |  18021 |  16639 |   1382 |   3084 |  11177 |  15 | 1201.4 |
        Temple |    130 |    121 |      9 |      0 |    112 |   1 |  130.0 |
          Lair |  10203 |   9528 |    675 |   1215 |   6908 |   6 | 1700.5 |
         Swamp |    619 |    619 |      0 |    381 |    135 |   2 |  309.5 |
       Ossuary |    686 |    686 |      0 |      0 |    537 |   1 |  686.0 |
      Gauntlet |    666 |    666 |      0 |    154 |    382 |   1 |  666.0 |
               +--------+--------+--------+--------+--------+-----+--------+

Top non-repeatable levels by time:
    D:13: 2322 daAuts
  Lair:2: 2079 daAuts
  Lair:3: 2042 daAuts
  Lair:6: 1961 daAuts
  Lair:1: 1813 daAuts
     D:8: 1622 daAuts
    D:10: 1457 daAuts
     D:6: 1451 daAuts
    D:15: 1383 daAuts
     D:9: 1365 daAuts
    D:11: 1344 daAuts
  Lair:5: 1321 daAuts
     D:1: 1281 daAuts
     D:3: 1188 daAuts
     D:4: 1162 daAuts
